 Dungeon Crawl Stone Soup version 0.31-a0-188-g5e087ee2ca (webtiles) character file.

Game seed: 215660395714467048

323 qw the Skirmisher (level 6, -1/36 HPs)
             Began as a Deep Elf Hunter on June 22, 2023.
             Slain by a jackal (2 damage)
             ... on level 4 of the Dungeon.
             The game lasted 00:01:13 (2571 turns).

qw the Skirmisher (Deep Elf Hunter)                 Turns: 2571, Time: 00:01:13

Health: -1/36      AC: 10    Str: 10    XL:     6   Next: 23%
Magic:  8/8        EV: 11    Int: 14    God:
Gold:   89         SH:  0    Dex: 18    Spells: 5/5 levels left

rFire   . . .        Y - +3 shortbow
rCold   . . .        (shield currently unavailable)
rNeg    . . .        l - +0 ring mail
rPois   .            (no helmet)
rElec   .            (no cloak)
rCorr   .            i - +0 pair of gloves
SInv    .            (no boots)
Will    +....        (no amulet)
Stlth   +            e - +4 ring of protection
HPRegen 0.26/turn    a - ring of willpower
MPRegen 0.11/turn

%: no passive effects
@: about to teleport
A: no striking features
a: no special abilities


You were on level 4 of the Dungeon.
You visited 2 branches of the dungeon, and saw 5 of its levels.

You collected 145 gold pieces.
You spent 56 gold pieces at shops.


   Skills:
 - Level 2.5 Fighting
 + Level 9.4 Ranged Weapons
 - Level 2.4 Dodging
 - Level 1.2 Stealth


You had 5 spell levels left.
You didn't know any spells.
Your spell library was empty.

Inventory:

Hand Weapons
 Y - a +3 shortbow (weapon)
Armour
 d - a +0 pair of boots
 i - a +0 pair of gloves (worn)
 l - a +0 ring mail (worn)
Jewellery
 a - a ring of willpower (right hand)
 e - a +4 ring of protection (left hand)
Scrolls
 b - 3 scrolls of teleportation
 h - a scroll of identify
Potions
 c - a potion of resistance
 f - 2 potions of mutation
 g - a potion of heal wounds {unknown}
 j - a potion of degeneration {unknown}
 k - a potion of invisibility {unknown}
 o - a potion of haste {unknown}

Dungeon Overview and Level Annotations

Branches:
Dungeon (4/15)             Temple (1/1) D:4

Altars:
Ashenzari
Cheibriados
Dithmenos
Fedhas
Hepliaklqana
Kikubaaqudgha
Qazlal
Sif Muna
Trog
Wu Jian
Xom
Yredelemnul
The Shining One

Shops:
D:1 =   D:4 ?

Annotations:
D:2 Sigmund


Message History

You shoot an arrow. The arrow hits the jackal.
You kill the jackal!
You shoot an arrow. The arrow hits the orc priest.
The orc priest is moderately wounded.
An iguana comes into view.
A jackal comes into view.
You shoot an arrow. The arrow barely misses the orc priest.
The iguana hisses angrily.
The jackal barks!
You shoot an arrow. The arrow hits the orc priest!
You kill the orc priest!
An orc comes into view. It is wielding a +0 club.
A jackal comes into view.
You shoot an arrow. The jackal barks!
The arrow hits the jackal!
You kill the jackal!
You shoot an arrow. The arrow barely misses the iguana.
You shoot an arrow.
The arrow hits the iguana but does no damage.
You shoot an arrow. The arrow hits the iguana.
The iguana is moderately wounded.
The iguana bites you!
You shoot an arrow. The arrow hits the iguana.
The iguana is moderately wounded.
The jackal bites you but does no damage.
The jackal barely misses you. The iguana barely misses you.
You shoot an arrow. The arrow barely misses the iguana.
The jackal bites you but does no damage.
The iguana bites you!
You shoot an arrow. The arrow barely misses the iguana.
The jackal bites you but does no damage.
The iguana bites you. The jackal barely misses you.
You shoot an arrow. The arrow hits the iguana!
The iguana is almost dead.
The jackal bites you but does no damage.
The iguana bites you!
2571 ||| READING 4 scrolls of teleportation.
As you read the scroll of teleportation, it crumbles to dust.
You feel strangely unstable. The jackal bites you.
You die...

#.# #..# .. #.#
#..##...## ..
#.######..#.....#.. .
.................. .
#.######.#....... .###.
#........##.....###...).
#######..#..###..#......
#......#...lo.)...
.......#.......@h#
######.#.........#
#.#.........#
#....).#........
#..#..###..#.....
..#.##.. ..###.... ##...
....... .###
##........... ..
#...#.....#.. .


You could see an iguana, an orc and a jackal.

Vanquished Creatures
  A scorpion (D:4)
  An orc priest (D:4)
  2 orc wizards (D:3)
  Natasha (twice) (D:2)
  5 adders
  3 worms
  2 dart slugs
  5 orcs
  11 endoplasms
  3 giant cockroaches
  3 goblins
  6 hobgoblins
  2 jackals (D:4)
  4 quokkas
  4 ball pythons
  7 bats
  3 frilled lizards (D:1)
  8 kobolds
  3 rats
75 creatures vanquished.

Notes
Turn   | Place    | Note
-------+----------+-------------------------------------------
     0 | D:1      | qw the Deep Elf Hunter began the quest for the Orb.
     0 | D:1      | Reached XP level 1. HP: 12/12 MP: 3/3
     0 | D:1      | 0 ||| qw: Version: 0.3-a-9-g12657ce
     0 | D:1      | 0 ||| qw: Game counter: 2880
     0 | D:1      | 0 ||| qw: Always use a shield: true
     0 | D:1      | 0 ||| qw: God list: Okawaru
     0 | D:1      | 0 ||| qw: Allow faded altars: false
     0 | D:1      | 0 ||| qw: Do Orc after D:15 true
     0 | D:1      | 0 ||| qw: Do second Lair branch before Depths: true
     0 | D:1      | 0 ||| qw: Lair rune preference: random
     0 | D:1      | 0 ||| qw: Plans: Normal
     0 | D:1      | 0 ||| PLANNING D:1-11
    98 | D:1      | Reached XP level 2. HP: 15/16 MP: 4/4
   106 | D:1      | Reached skill level 6 in Ranged Weapons
   198 | D:1      | Found Qaxorey's Jewellery Shop.
   204 | D:1      | 204 ||| SHOPLISTING +4 ring of slaying (858 gold, have 32).
   204 | D:1      | 204 ||| SHOPLISTING +5 ring of evasion (396 gold, have 32).
   204 | D:1      | 204 ||| SHOPLISTING +6 ring of dexterity (396 gold, have
                  | 32).
   204 | D:1      | 204 ||| SHOPLISTING +6 ring of strength (396 gold, have
                  | 32).
   204 | D:1      | 204 ||| SHOPLISTING amulet of reflection (330 gold, have
                  | 32).
   204 | D:1      | 204 ||| SHOPLISTING amulet of regeneration (330 gold, have
                  | 32).
   204 | D:1      | 204 ||| SHOPLISTING ring of ice (275 gold, have 32).
   235 | D:1      | Found a faded altar of an unknown god.
   244 | D:1      | Identified the +2 spear "Tuniul" {flame, rN+}
   805 | D:1      | 805 ||| UPGRADING to +0 pair of gloves.
   810 | D:1      | 810 ||| UPGRADING to +0 ring mail.
   820 | D:1      | 820 ||| DROPPING +0 leather armour.
   821 | D:1      | 821 ||| UPGRADING to +4 ring of protection.
   822 | D:1      | 822 ||| READING scroll labelled VOZ UNKAUJUGRY.
   823 | D:1      | 823 ||| READING 3 scrolls labelled EGEV UTEOMM.
   824 | D:1      | 824 ||| READING scroll labelled HAUPPYSOIS.
   825 | D:1      | 825 ||| READING scroll labelled WOYPNO COAP.
   854 | D:1      | 854 ||| READING 2 scrolls of identify.
   854 | D:1      | 854 ||| IDENTIFYING purple potion
   855 | D:1      | 855 ||| DROPPING scroll of butterflies.
   900 | D:2      | Reached XP level 3. HP: 20/20 MP: 5/5
  1000 | D:2      | Noticed Sigmund
  1010 | D:2      | 1010 ||| READING 2 scrolls labelled JOJAWA SIDWUEKK.
  1175 | D:2      | Reached skill level 7 in Ranged Weapons
  1276 | D:2      | Noticed Natasha
  1277 | D:2      | 1277 ||| Stepping ~*~*~tactically~*~*~ (outnumbered).
  1279 | D:2      | 1279 ||| Stepping ~*~*~tactically~*~*~ (outnumbered).
  1291 | D:2      | Killed Natasha
  1292 | D:2      | Reached XP level 4. HP: 11/25 MP: 6/6
  1357 | D:2      | 1357 ||| READING scroll of enchant weapon.
  1357 | D:2      | 1357 ||| ENCHANTING +1 shortbow.
  1407 | D:2      | Noticed Natasha
  1419 | D:2      | Killed Natasha
  1420 | D:2      | Reached skill level 8 in Ranged Weapons
  1495 | D:2      | 1495 ||| READING scroll of enchant weapon.
  1495 | D:2      | 1495 ||| ENCHANTING +2 shortbow.
  1622 | D:2      | 1622 ||| READING 2 scrolls of identify.
  1622 | D:2      | 1622 ||| IDENTIFYING golden potion
  1623 | D:2      | 1623 ||| DROPPING potion of magic.
  1735 | D:3      | Reached XP level 5. HP: 29/29 MP: 7/7
  1996 | D:3      | 1996 ||| FLEEEEING.
  1998 | D:3      | Reached skill level 9 in Ranged Weapons
  2256 | D:3      | 2256 ||| READING scroll labelled YHISMA ANIHUMO.
  2257 | D:3      | 2257 ||| READING scroll labelled IRU IK QOECY.
  2258 | D:3      | 2258 ||| DRINKING 3 fizzy black potions.
  2275 | D:3      | 2275 ||| DROPPING 2 potions of lignification.
  2287 | D:4      | Found Measchuusk's Magic Scroll Emporium.
  2295 | D:4      | 2295 ||| BUYING scroll of identify (28 gold).
  2295 | D:4      | Bought a scroll of identify for 28 gold pieces
  2295 | D:4      | 2295 ||| BUYING scroll of identify (28 gold).
  2295 | D:4      | Bought a scroll of identify for 28 gold pieces
  2323 | D:4      | Reached XP level 6. HP: 15/36 MP: 8/8
  2414 | D:4      | Found a staircase to the Ecumenical Temple.
  2415 | D:4      | 2415 ||| PLANNING TEMPLE
  2415 | D:4      | 2415 ||| UPGRADING to ring of willpower.
  2416 | D:4      | 2416 ||| READING 3 scrolls of identify.
  2416 | D:4      | 2416 ||| IDENTIFYING red potion
  2417 | D:4      | 2417 ||| READING 2 scrolls of identify.
  2417 | D:4      | 2417 ||| IDENTIFYING grey potion
  2418 | D:4      | 2418 ||| DROPPING potion of attraction.
  2424 | Temple   | Entered the Ecumenical Temple
  2475 | Temple   | 2475 ||| PLANNING D:1-11
  2513 | D:4      | Found an ancient bone altar of Kikubaaqudgha.
  2570 | D:4      | HP: 1/36 [iguana (11)]
  2571 | D:4      | 2571 ||| READING 4 scrolls of teleportation.
  2571 | D:4      | Slain by a jackal

Levels and vault maps discovered:
D:1:      minmay_arrival_up_and_down, layout_loops_cross, serial_shops, shop,
          serial_forest, infiniplex_forest_clump_curved,
          infiniplex_forest_lined_corner, infiniplex_forest_clump_medium,
          infiniplex_forest_side_room, hellmonk_ecumenical_altar_lost_god,
          grunt_decor_clamped, minmay_tetromino_i4
D:2:      layout_loops_cross, uniq_sigmund, uniq_natasha
D:3:      layout_basic, grunt_ministairs_2
D:4:      nicolae_cairo_tiling_large_dashed, layout_basic,
          mainiacjoe_overflow_paths, makhleb_heckhound_becter, zin_scriptorium,
          minmay_temple_entry_fiery, serial_shops, shop
Temple:   nicolae_temple_x_marks_the_god

Skill      XL: |  1  2  3  4  5 |
---------------+----------------+-----
Ranged Weapons | 6 7 8 9 |  9.4
Fighting       | 2 |  2.5
Dodging        | |  2.4
Stealth        | |  1.2

Action                     |  1- 3 |  4- 6 || total
---------------------------+-------+-------++-------
   Fire: Shortbow          |    95 |   144 ||   239
    Use: Scroll            |     6 |     8 ||    14
         Potion            |       |     1 ||     1
 Armour: Leather armour    |     4 |       ||     4
         Ring mail         |    21 |    24 ||    45
  Dodge: Dodged            |    35 |    28 ||    63

Table legend:
 A = Non-vault XP
 B = Vault XP
 C = Vault XP percentage of total XP
 D = Non-vault monster count
 E = Vault monster count
 F = Vault count percentage of total count
                 A         B        C        D         E       F
            +---------+---------+-------+---------+---------+-------
      Total |     379 |      83 |  18.0 |      67 |       8 |  10.7
            +---------+---------+-------+---------+---------+-------
        D:1 |      28 |       4 |  12.5 |      19 |       3 |  13.6
        D:2 |     100 |      35 |  25.9 |      17 |       1 |   5.6
        D:3 |     105 |      44 |  29.5 |      21 |       4 |  16.0
        D:4 |     146 |       0 |   0.0 |      10 |       0 |   0.0
            +---------+---------+-------+---------+---------+-------
